[ AOE2 MATCH · #505164958 ]
UnrankedMaya vs Incas
Player's team · WIN
Rival team · LOSS
[ REPLAY ANALYSIS · EXTRACTED FROM THE RECORDED GAME ]
Feudal
9:37
Castle
22:13
Imperial
—
| APM avg | 88.2 |
| APM peak | 133 |
| eAPM avg | 30.9 |
| Villagers / military | 85 / 50 |
Focus
⚔️ 45.0% · 🌾 55.0%
Archer ×37 · Militia ×6 · Mangonel ×4 · Plumed Archer ×3
Feudal
10:20
Castle
29:02
Imperial
—
| APM avg | 47.6 |
| APM peak | 66 |
| eAPM avg | 21.1 |
| Villagers / military | 63 / 13 |
Focus
⚔️ 37.1% · 🌾 62.9%
Unknown (2550) ×13 · Skirmisher ×8 · Archer ×5
Match map
Initial resources + every placement click. Lines = walls · curves = elevation contours. ◆ gold · ⬟ stone · ● berries · ✦ relic · ◌ wall gap
Your base· Open — 3t gap
chandu champion's base· Open — 6t gap
Smoothed initial terrain · ◌ = detected wall gap · hover for details
Inputs per minute
— hK | Romell13 - - chandu champion
Build order — hK | Romell13
First 150 of 234 actions detected
| 0:00 | Research | Loom |
| 0:02 | Build | House |
| 0:03 | Build | House |
| 0:11 | Create | Villager (Male) |
| 0:11 | Create | Villager (Male) |
| 0:14 | Create | Villager (Male) |
| 0:15 | Create | Villager (Male) |
| 1:22 | Create | Villager (Male) |
| 1:23 | Create | Villager (Male) |
| 1:43 | Create | Villager (Male) |
| 1:51 | Build | Lumber Camp |
| 2:00 | Create | Villager (Male) |
| 2:24 | Create | Villager (Male) |
| 2:49 | Create | Villager (Male) |
| 3:27 | Create | Villager (Male) |
| 3:27 | Create | Villager (Male) |
| 3:40 | Create | Villager (Male) |
| 3:54 | Build | House |
| 4:17 | Build | Mill |
| 4:22 | Create | Villager (Male) |
| 4:38 | Create | Villager (Male) |
| 4:39 | Create | Villager (Male) |
| 4:46 | Create | Villager (Male) |
| 5:09 | Create | Villager (Male) |
| 5:28 | Create | Villager (Male) |
| 5:28 | Create | Villager (Male) |
| 6:03 | Build | Palisade Wall |
| 6:23 | Build | House |
| 6:35 | Build | Barracks |
| 6:43 | Create | Villager (Male) |
| 7:06 | Create | Villager (Male) |
| 7:27 | Research | Feudal Age |
| 7:28 | Research | Feudal Age |
| 7:28 | Research | Feudal Age |
| 7:36 | Build | Mining Camp |
| 7:53 | Create | Militia |
| 7:53 | Create | Militia |
| 7:53 | Create | Militia |
| 8:01 | Build | Palisade Wall |
| 8:02 | Build | Palisade Wall |
| 8:19 | Create | Militia |
| 8:19 | Create | Militia |
| 8:19 | Create | Militia |
| 9:19 | Build | Palisade Wall |
| 9:37 | Age | Feudal Age |
| 9:41 | Research | Man-at-Arms (upgrade) |
| 9:42 | Create | Villager (Male) |
| 9:45 | Build | Archery Range |
| 9:54 | Research | Double-Bit Axe |
| 9:54 | Research | Double-Bit Axe |
| 9:55 | Create | Villager (Male) |
| 9:55 | Create | Villager (Male) |
| 9:55 | Create | Villager (Male) |
| 10:14 | Build | House |
| 10:17 | Build | House |
| 10:19 | Create | Villager (Male) |
| 10:22 | Build | Palisade Wall |
| 10:38 | Build | Palisade Wall |
| 10:40 | Create | Archer |
| 10:41 | Create | Archer |
| 10:45 | Create | Villager (Male) |
| 10:58 | Create | Villager (Male) |
| 10:58 | Create | Villager (Male) |
| 10:58 | Create | Villager (Male) |
| 11:05 | Build | Palisade Wall |
| 11:13 | Create | Archer |
| 11:13 | Create | Archer |
| 11:15 | Create | Villager (Male) |
| 11:31 | Create | Villager (Male) |
| 11:40 | Create | Villager (Male) |
| 11:40 | Create | Villager (Male) |
| 11:46 | Build | Farm |
| 11:46 | Build | Farm |
| 11:46 | Build | Farm |
| 11:47 | Build | Farm |
| 11:50 | Create | Archer |
| 12:20 | Create | Archer |
| 12:20 | Create | Archer |
| 12:20 | Create | Archer |
| 12:25 | Build | Farm |
| 12:26 | Build | Farm |
| 12:27 | Create | Villager (Male) |
| 12:45 | Build | Farm |
| 12:52 | Build | House |
| 12:57 | Create | Archer |
| 13:23 | Build | Blacksmith |
| 13:23 | Create | Villager (Male) |
| 13:31 | Create | Archer |
| 13:31 | Create | Archer |
| 13:31 | Create | Archer |
| 13:51 | Build | Farm |
| 13:51 | Build | Farm |
| 13:52 | Build | Farm |
| 13:54 | Create | Villager (Male) |
| 14:12 | Create | Archer |
| 14:25 | Create | Villager (Male) |
| 14:37 | Build | Mill |
| 14:40 | Create | Archer |
| 14:48 | Create | Villager (Male) |
| 14:51 | Build | House |
| 14:52 | Build | House |
| 15:05 | Research | Fletching |
| 15:05 | Research | Fletching |
| 15:05 | Research | Fletching |
| 15:09 | Create | Villager (Male) |
| 15:51 | Create | Villager (Male) |
| 15:55 | Build | Farm |
| 15:55 | Build | Farm |
| 15:55 | Build | Farm |
| 16:16 | Create | Villager (Male) |
| 16:20 | Build | Farm |
| 16:21 | Create | Archer |
| 16:23 | Create | Archer |
| 16:35 | Create | Archer |
| 16:55 | Build | Farm |
| 16:56 | Create | Villager (Male) |
| 17:00 | Build | Farm |
| 17:17 | Build | Mining Camp |
| 17:21 | Build | House |
| 17:24 | Create | Villager (Male) |
| 17:26 | Build | Farm |
| 17:29 | Build | House |
| 17:30 | Build | House |
| 17:40 | Build | Palisade Wall |
| 17:46 | Build | Palisade Wall |
| 18:01 | Create | Villager (Male) |
| 18:13 | Create | Villager (Male) |
| 18:19 | Build | Lumber Camp |
| 18:24 | Build | Market |
| 18:39 | Create | Villager (Male) |
| 18:45 | Create | Villager (Male) |
| 18:52 | Create | Villager (Male) |
| 18:58 | Build | Watch Tower |
| 19:13 | Create | Villager (Male) |
| 19:33 | Research | Castle Age |
| 19:34 | Research | Castle Age |
| 20:25 | Research | Gold Mining |
| 20:26 | Research | Horse Collar |
| 20:26 | Research | Horse Collar |
| 20:26 | Research | Horse Collar |
| 20:28 | Build | House |
| 20:31 | Create | Archer |
| 20:31 | Create | Archer |
| 21:09 | Create | Archer |
| 21:14 | Build | Archery Range |
| 22:13 | Age | Castle Age |
| 22:16 | Research | Bodkin Arrow |
| 22:16 | Research | Bodkin Arrow |
| 22:20 | Research | Crossbowman (upgrade) |
| 22:20 | Research | Crossbowman (upgrade) |
Build order — chandu champion
147 actions detected in the replay
| 0:00 | Create | Villager (Male) |
| 0:01 | Create | Villager (Male) |
| 0:01 | Create | Villager (Male) |
| 0:01 | Create | Villager (Male) |
| 0:02 | Build | House |
| 0:25 | Build | Barracks |
| 1:12 | Create | Unit 2550 |
| 1:14 | Create | Villager (Male) |
| 1:41 | Create | Villager (Male) |
| 1:41 | Create | Villager (Male) |
| 2:06 | Create | Villager (Male) |
| 2:24 | Create | Villager (Male) |
| 2:49 | Create | Villager (Male) |
| 3:16 | Create | Villager (Male) |
| 3:31 | Build | House |
| 3:39 | Create | Villager (Male) |
| 3:55 | Create | Unit 2550 |
| 4:04 | Create | Villager (Male) |
| 4:21 | Build | House |
| 4:38 | Create | Villager (Male) |
| 4:57 | Create | Villager (Male) |
| 5:07 | Create | Villager (Male) |
| 5:27 | Create | Villager (Male) |
| 5:56 | Create | Villager (Male) |
| 6:22 | Create | Villager (Male) |
| 6:24 | Build | Settlement |
| 6:33 | Create | Villager (Male) |
| 6:41 | Research | Loom |
| 6:57 | Create | Villager (Male) |
| 7:07 | Create | Villager (Male) |
| 7:30 | Build | Settlement |
| 8:10 | Research | Feudal Age |
| 8:10 | Research | Feudal Age |
| 8:45 | Create | Unit 2550 |
| 8:48 | Create | Villager (Male) |
| 9:17 | Create | Villager (Male) |
| 9:20 | Build | Settlement |
| 9:43 | Create | Unit 2550 |
| 10:06 | Create | Unit 2550 |
| 10:18 | Build | Palisade Wall |
| 10:19 | Build | Palisade Wall |
| 10:20 | Age | Feudal Age |
| 10:23 | Build | Palisade Wall |
| 10:33 | Build | Watch Tower |
| 10:43 | Create | Villager (Male) |
| 10:57 | Research | Double-Bit Axe |
| 11:12 | Create | Villager (Male) |
| 11:13 | Build | Farm |
| 11:57 | Research | Tech 1402 |
| 12:03 | Build | Palisade Wall |
| 12:34 | Build | Farm |
| 12:45 | Build | House |
| 12:47 | Build | House |
| 12:58 | Build | Palisade Wall |
| 13:08 | Create | Villager (Male) |
| 13:13 | Create | Villager (Male) |
| 13:29 | Build | Archery Range |
| 13:38 | Build | House |
| 13:45 | Build | Watch Tower |
| 14:01 | Create | Villager (Male) |
| 14:47 | Build | Farm |
| 14:54 | Create | Archer |
| 14:54 | Create | Archer |
| 15:04 | Create | Unit 2550 |
| 15:13 | Build | Watch Tower |
| 15:19 | Create | Archer |
| 15:46 | Create | Villager (Male) |
| 15:48 | Build | Farm |
| 16:26 | Create | Skirmisher |
| 16:27 | Create | Skirmisher |
| 16:49 | Create | Archer |
| 17:02 | Build | Farm |
| 17:03 | Build | Farm |
| 17:04 | Create | Villager (Male) |
| 17:29 | Create | Villager (Male) |
| 17:30 | Create | Villager (Male) |
| 17:59 | Create | Villager (Male) |
| 18:25 | Create | Villager (Male) |
| 18:29 | Build | Blacksmith |
| 18:52 | Create | Villager (Male) |
| 19:18 | Create | Villager (Male) |
| 19:29 | Create | Skirmisher |
| 19:32 | Build | Farm |
| 19:33 | Build | Farm |
| 19:42 | Create | Villager (Male) |
| 20:14 | Build | House |
| 20:19 | Create | Villager (Male) |
| 20:28 | Create | Villager (Male) |
| 20:54 | Create | Villager (Male) |
| 20:57 | Build | Farm |
| 20:58 | Build | Farm |
| 21:01 | Create | Skirmisher |
| 21:37 | Research | Fletching |
| 21:38 | Create | Skirmisher |
| 21:44 | Build | Farm |
| 21:55 | Create | Skirmisher |
| 22:01 | Create | Villager (Male) |
| 22:17 | Create | Villager (Male) |
| 22:19 | Build | Watch Tower |
| 22:23 | Create | Skirmisher |
| 22:29 | Create | Villager (Male) |
| 22:30 | Build | Farm |
| 22:40 | Create | Skirmisher |
| 22:55 | Create | Villager (Male) |
| 23:17 | Build | Watch Tower |
| 23:20 | Create | Villager (Male) |
| 23:29 | Create | Villager (Male) |
| 23:30 | Create | Archer |
| 23:32 | Build | Farm |
| 23:47 | Create | Villager (Male) |
| 23:47 | Create | Villager (Male) |
| 23:47 | Create | Villager (Male) |
| 23:51 | Build | Farm |
| 24:05 | Create | Villager (Male) |
| 24:30 | Create | Villager (Male) |
| 24:34 | Build | Farm |
| 24:35 | Build | Farm |
| 24:37 | Build | Watch Tower |
| 24:47 | Create | Villager (Male) |
| 24:53 | Build | House |
| 25:01 | Create | Villager (Male) |
| 25:13 | Create | Villager (Male) |
| 25:21 | Create | Villager (Male) |
| 25:37 | Build | Barracks |
| 25:43 | Create | Villager (Male) |
| 25:47 | Build | Market |
| 25:56 | Build | Farm |
| 26:11 | Create | Unit 2550 |
| 26:11 | Create | Unit 2550 |
| 26:11 | Create | Unit 2550 |
| 26:12 | Create | Villager (Male) |
| 26:22 | Research | Castle Age |
| 26:46 | Build | Settlement |
| 27:01 | Create | Unit 2550 |
| 27:01 | Create | Unit 2550 |
| 27:40 | Create | Villager (Male) |
| 27:43 | Create | Unit 2550 |
| 27:45 | Create | Unit 2550 |
| 27:48 | Create | Villager (Male) |
| 28:01 | Build | Barracks |
| 28:08 | Research | Forging |
| 28:12 | Create | Villager (Male) |
| 29:02 | Age | Castle Age |
| 29:16 | Research | Tech 1351 |
| 29:22 | Create | Villager (Male) |
| 29:38 | Create | Villager (Male) |
| 30:23 | Research | Scale Mail Armor |
Match timeline
| 0:25 | chandu champion · first_building Barracks |
| 6:03 | hK | Romell13 · wall_segment Palisade Wall x1 |
| 6:35 | hK | Romell13 · first_building Barracks |
| 8:01 | hK | Romell13 · wall_segment Palisade Wall x1 |
| 8:02 | hK | Romell13 · wall_segment Palisade Wall x1 |
| 9:19 | hK | Romell13 · wall_segment Palisade Wall x1 |
| 9:37 | hK | Romell13 · age_up feudal |
| 9:45 | hK | Romell13 · first_building Archery Range |
| 10:18 | chandu champion · wall_segment Palisade Wall x5 |
| 10:19 | chandu champion · wall_segment Palisade Wall x4 |
| 10:20 | chandu champion · age_up feudal |
| 10:22 | hK | Romell13 · wall_segment Palisade Wall x4 |
| 10:23 | chandu champion · wall_segment Palisade Wall x6 |
| 10:38 | hK | Romell13 · wall_segment Palisade Wall x4 |
| 11:05 | hK | Romell13 · wall_segment Palisade Wall x1 |
| 12:03 | chandu champion · wall_segment Palisade Wall x1 |
| 12:58 | chandu champion · wall_segment Palisade Wall x1 |
| 13:29 | chandu champion · first_building Archery Range |
| 17:40 | hK | Romell13 · wall_segment Palisade Wall x1 |
| 17:46 | hK | Romell13 · wall_segment Palisade Wall x1 |
| 19:32 | hK | Romell13 · first_market_buy 100 food |
| 19:32 | hK | Romell13 · first_market_sell 100 wood |
| 22:13 | hK | Romell13 · age_up castle |
| 22:50 | hK | Romell13 · first_building Siege Workshop |
| 26:17 | chandu champion · first_market_buy 100 food |
| 27:30 | hK | Romell13 · first_building Castle |
| 29:02 | chandu champion · age_up castle |
| 29:10 | chandu champion · first_market_sell 500 wood |
| 30:40 | chandu champion · resign |
[ AI ANALYSIS · 1 CREDIT ]
What really happened in this match?
Wolo.gg analyzes every decision: build order, eco, micro, common mistakes by bracket. Personalized analysis on WhatsApp or Discord in 30 seconds.
Civ guide
Maya
Perfil
Jugador #917863